 Dungeon Crawl Stone Soup version 0.27-a0-148-g9515ab555c (webtiles) character file.

Game seed: 14461339452404274786

32 jasper the Chopper (level 3, -5/31 HPs)
             Began as a Palentonga Warper on Jan 26, 2021.
             Slain by Blork the orc
             ... wielding a +0 dire flail
              (7 damage)
             ... on level 4 of the Dungeon.
             The game lasted 00:02:48 (1140 turns).

jasper the Chopper (Palentonga Warper)              Turns: 1140, Time: 00:02:49

Health: -5/31      AC:  0    Str: 14    XL:     3   Next: 8%
Magic:  6/6        EV: 14    Int: 14    God:
Gold:   47         SH:  0    Dex:  9    Spells: 6/6 levels left

rFire    . . .     SeeInvis +   (weapon currently unavailable)
rCold    . . .     Faith    .   (shield currently unavailable)
rNeg     . . .     Spirit   .   (armour currently unavailable)
rPois    .         Reflect  .   (helmet currently unavailable)
rElec    .         Harm     .   (cloak currently unavailable)
rCorr    .         Rampage  .   (gloves currently unavailable)
Will     .....                  (no barding)
Stlth    +.........             (no amulet)
HPRegen  0.10/turn              (ring currently unavailable)
MPRegen  0.10/turn              (ring currently unavailable)

@: pig-form (expiring), very quick
A: small, rugged brown scales 3, see invisible
a: no special abilities


You were on level 4 of the Dungeon.
You were a filthy swine.
You visited 1 branch of the dungeon, and saw 3 of its levels.

You collected 47 gold pieces.

Inventory:

Hand Weapons
 a - a +0 hand axe (melded)
Missiles
 e - 5 boomerangs of dispersal
 f - 23 stones (quivered)
Armour
 b - a +0 leather armour
 g - a +0 ring mail (melded)
Jewellery
 c - a ring of stealth (melded)
 h - a +6 ring of dexterity (melded)


   Skills:
 - Level 2.0 Fighting
 + Level 3.6 Axes
 - Level 0.6 Throwing
 - Level 0.7 Armour
 - Level 1.5 Dodging
 - Level 2.0 Spellcasting
 - Level 3.0 Translocations


You had 6 spell levels left.
You didn't know any spells.
Your spell library contained the following spells:

 Spells                   Type           Power        Failure   Level
 Blink                    Tloc           N/A          11%         2
 Gell's Gravitas          Tloc           4%           21%         3
 Lesser Beckoning         Tloc           4%           21%         3
 Teleport Other           Tloc           9%           21%         3
 Passage of Golubria      Tloc           N/A          56%         4


Dungeon Overview and Level Annotations

Branches:
Dungeon (2/15)

Altars:
Ashenzari

Annotations:
D:4 Blork the orc


Innate Abilities, Weirdness & Mutations

(You are completely covered in rugged brown scales. (AC +3, +7% HP))
You have supernaturally acute eyesight. (SInv)
((Armour fits poorly on your strangely shaped body.))
((You can roll at nearby foes to attack.))
((You have a long armoured tail.))


Message History

Blork the orc is lightly wounded.
Blork the orc barely misses you.
You hit Blork the orc.
Blork the orc is moderately wounded.
Your transformation is almost over.
Blork the orc mumbles some strange words.
Blork the orc seems to speed up.
You barely miss Blork the orc.
Blork the orc is moderately wounded.
Blork the orc looks encouraged for a moment.
You closely miss Blork the orc.
Blork the orc is moderately wounded.
Blork the orc hits you with a +0 dire flail.
* * * LOW HITPOINT WARNING * * *
You take 2 damage, and have 2/31 hp.
You hit Blork the orc.
Blork the orc is moderately wounded.
Blork the orc barely misses you.
Blork the orc hits you with a +0 dire flail!
You die...

########
#......#
#......#
#....h#######
######o#.....#
#.....Z......#
#............#
#............#
#............#
##'######.....
#...# .....
#...# .....


You could see Blork the orc (fast) and an adder skeleton (inner flame).

Vanquished Creatures
  2 adders (D:2)
  2 goblins (D:1)
  4 jackals (D:2)
  2 kobolds (D:1)
  A quokka (D:2)
  A rat (D:2)
12 creatures vanquished.

Notes
Turn   | Place    | Note
-------+----------+-------------------------------------------
     0 | D:1      | jasper the Palentonga Warper began the quest for the Orb.
     0 | D:1      | Reached XP level 1. HP: 18/18 MP: 3/3
   460 | D:2      | Reached XP level 2. HP: 9/25 MP: 5/5
   953 | D:2      | Found a broken altar of Ashenzari.
  1057 | D:2      | Reached XP level 3. HP: 31/31 MP: 6/6
  1115 | D:2      | You fall into a shaft and drop 2 floors!
  1116 | D:4      | Noticed Blork the orc
  1140 | D:4      | Slain by Blork the orc

Illustrated notes

Levels and vault maps discovered:
D:1:      ebering_trefoil_twist, layout_loops_cross,
          kennysheep_decorative_pillar
D:2:      layout_loops_corners, nicolae_overflow_crystal_walls,
          lemuel_coloured_pillars_altar, chequers_ecumenical_altar_twisty
D:4:      layout_gridville, old_standard_altar, minmay_temple_entry_wispy,
          uniq_blork_the_orc

Skill      XL: |  1 |
---------------+----+-----
Axes           | 3 |  3.6
Fighting       | |  2.0
Throwing       | |  0.6
Armour         | |  0.7
Dodging        | |  1.5
Spellcasting   | |  2.0
Translocations | |  3.0

Action                   || total
-------------------------++-------
Melee: Hand axe          ||    49
       Tailslap          ||     4
       Unarmed           ||    10
Throw: Stone             ||     1
 Abil: Rolling Charge    ||     8
  Use: Potion            ||     1
       Scroll            ||     2
Armor: Leather armour    ||    15
       Skin              ||     8
Dodge: Dodged            ||    24

Table legend: (Time is in decaauts)
 A = Elapsed time spent in this place.
 B = Non-inter-level travel time spent in this place.
 C = Inter-level travel time spent in this place.
 D = Time resting spent in this place.
 E = Time spent auto-exploring this place.
 F = Levels seen in this place.
 G = Mean time per level.
                   A        B        C        D        E       F      G
               +--------+--------+--------+--------+--------+-----+--------+
         Total |   1144 |   1144 |      0 |    658 |    330 |   3 |  381.3 |
       Dungeon |   1144 |   1144 |      0 |    658 |    330 |   3 |  381.3 |
               +--------+--------+--------+--------+--------+-----+--------+

Top non-repeatable levels by time:
     D:2: 745 daAuts
     D:1: 375 daAuts
     D:4: 22 daAuts
